 Dungeon Crawl Stone Soup version 0.31-a0-180-g519b7de00c (webtiles) character file.

Game seed: 1718784019812799637

16 qw the Shield-Bearer (level 2, -5/19 HPs)
             Began as a Gargoyle Fighter on June 19, 2023.
             Killed from afar by a dart slug (6 damage)
             ... with a slug dart
             ... on level 1 of the Dungeon.
             The game lasted 00:00:13 (272 turns).

qw the Shield-Bearer (Gargoyle Fighter)              Turns: 272, Time: 00:00:14

Health: -5/19      AC:  9    Str: 19    XL:     2   Next: 58%
Magic:  2/2        EV:  9    Int:  8    God:
Gold:   13         SH:  4    Dex:  9    Spells: 1/1 levels left

rFire   . . .        a - +0 war axe
rCold   . . .        c - +0 buckler
rNeg    + . .        b - +0 scale mail
rPois   inf          (no helmet)
rElec   +            (no cloak)
rCorr   .            (no gloves)
SInv    .            (no boots)
Will    .....        (no amulet) Stlth
                     (no ring)
HPRegen 0.23/turn    (no ring)
MPRegen 0.08/turn

%: no passive effects
@: no status effects
A: sickness immunity, AC +2, negative energy resistance 1, electricity
resistance, torment resistance 1, petrification resistance
a: no special abilities


You were on level 1 of the Dungeon.
You visited 1 branch of the dungeon, and saw 1 of its levels.

You collected 13 gold pieces.


Innate Abilities, Weirdness & Mutations

You are immune to sickness and miasma.
Your stone body is resilient. (AC +2)
You are immune to poison.
You resist negative energy. (rN+)
You are resistant to electric shocks. (rElec)
You are resistant to unholy torment.
You are immune to petrification.


   Skills:
 - Level 3.2 Fighting
 + Level 2.8 Axes
 - Level 3.2 Armour
 - Level 3.2 Shields


You had one spell level left.
You didn't know any spells.
Your spell library was empty.

Inventory:

Hand Weapons
 a - a +0 war axe (weapon)
 e - a +0 club
Armour
 b - a +0 scale mail (worn)
 c - a +0 buckler (worn)
 i - a +0 pair of boots
Scrolls
 f - a scroll of teleportation {unknown}
 g - a scroll of butterflies {unknown}
 h - a scroll of identify {unknown}
 j - a scroll of revelation {unknown}
 k - a scroll of torment {unknown}
Potions
 d - a potion of might

Dungeon Overview and Level Annotations

Branches:
Dungeon (1/15)

Altars:


Message History

Found 19 gold pieces.
The dart slug launches a dart at you. The slug dart misses you.
Enter note:
Enter note:
Enter note:
Enter note: The dart slug launches a dart at you.
The slug dart misses you.
The kobold hits you with a +0 short sword.
Enter note:
Enter note: You closely miss the kobold.
A gnoll comes into view. It is wielding a +0 club.
You block the kobold's attack.
You closely miss the kobold.
The gnoll shouts!
The kobold barely misses you. The dart slug launches a dart at you.
The slug dart hits you but does no damage.
The kobold hits you with a +0 short sword.
You closely miss the kobold. The dart slug launches a dart at you.
The slug dart hits you but does no damage.
The kobold barely misses you.
You barely miss the gnoll. You barely miss the kobold.
The gnoll barely misses you. The kobold hits you but does no damage.
The dart slug launches a dart at you. The slug dart hits you.
You hit the gnoll but do no damage. You hit the kobold but do no damage.
You block the gnoll's attack. The kobold closely misses you.
The dart slug launches a dart at you. The slug dart hits you.
The kobold hits you but does no damage. The gnoll hits you with a +0 club.
You barely miss the gnoll. You barely miss the kobold.
A quokka comes into view.
The gnoll hits you with a +0 club. The kobold hits you but does no damage.
The dart slug launches a dart at you. The slug dart hits you.
You die...

#.##.#...#.## #.##..
_....#. ###########%##.#
..#....
............##.##.##....
###########.....%.......
####........w.
#..........
#####.......... #
.......@....$.. ###
.....#gK....... ..#
.....##.....##. #..
..... ..##### # .... #.r
.$. ###


You could see a gnoll, a dart slug, a quokka (wandering) and a kobold.

Vanquished Creatures
  A dart slug (D:1)
  2 endoplasms (D:1)
  2 goblins (D:1)
  A hobgoblin (D:1)
  A kobold (D:1)
  A ball python (D:1)
  2 bats (D:1)
  4 rats (D:1)
14 creatures vanquished.

Notes
Turn   | Place    | Note
-------+----------+-------------------------------------------
     0 | D:1      | qw the Gargoyle Fighter began the quest for the Orb.
     0 | D:1      | Reached XP level 1. HP: 14/14 MP: 1/1
     0 | D:1      | 0 ||| qw: Version: 0.3-a-7-ge0c9b40
     0 | D:1      | 0 ||| qw: Game counter: 991
     0 | D:1      | 0 ||| qw: Always use a shield: true
     0 | D:1      | 0 ||| qw: God list: Okawaru
     0 | D:1      | 0 ||| qw: Allow faded altars: false
     0 | D:1      | 0 ||| qw: Do Orc after D:15 true
     0 | D:1      | 0 ||| qw: Do second Lair branch before Depths: true
     0 | D:1      | 0 ||| qw: Lair rune preference: random
     0 | D:1      | 0 ||| qw: Plans: Normal, Zot:1-4, Slime:5, God:TSO, Crypt,
                  | Tomb, Abyss, Pan, Hells, Win
     0 | D:1      | 0 ||| PLANNING D:1-11
    11 | D:1      | 11 ||| Stepping ~*~*~tactically~*~*~ (stealth).
    65 | D:1      | Reached XP level 2. HP: 19/19 MP: 2/2
   263 | D:1      | Found a faded altar of an unknown god.
   272 | D:1      | HP: 1/19 [gnoll/+0 club (5)]
   272 | D:1      | Killed from afar by a dart slug

Levels and vault maps discovered:
D:1:      dpeg_arrival_tiny_h, layout_rooms, ebering_ecumenical_altar_box

Skill      XL: |  1 |
---------------+----+-----
Axes           | 2 |  2.8
Fighting       | |  3.2
Armour         | |  3.2
Shields        | |  3.2

Action                     || total
---------------------------++-------
  Melee: War axe           ||    35
 Armour: Scale mail        ||    18
  Dodge: Dodged            ||    20
  Block: Buckler           ||     3

Table legend:
 A = Non-vault XP
 B = Vault XP
 C = Vault XP percentage of total XP
 D = Non-vault monster count
 E = Vault monster count
 F = Vault count percentage of total count
                 A         B        C        D         E       F
            +---------+---------+-------+---------+---------+-------
      Total |      24 |       0 |   0.0 |      14 |       0 |   0.0
            +---------+---------+-------+---------+---------+-------
        D:1 |      24 |       0 |   0.0 |      14 |       0 |   0.0
            +---------+---------+-------+---------+---------+-------
